 Dungeon Crawl Stone Soup version 0.20.0-15-g7f486f2 (webtiles) character file.

282 Chiseanne the Magician (level 6, 39/41 HPs)
             Began as a Demonspawn Wizard on June 15, 2017.
             Quit the game on level 3 of the Dungeon.
             The game lasted 00:06:24 (3703 turns).

Chiseanne the Magician (Demonspawn Wizard)          Turns: 3703, Time: 00:06:25

Health: 39/41      AC:  7    Str:  7    XL:     6   Next: 6%
Magic:  12/13      EV: 12    Int: 22    God:
Gold:   106        SH:  0    Dex: 11    Spells: 5/14 levels left

rFire    . . .     SeeInvis .   a - +2 dagger (venom)
rCold    . . .     Gourm    .   (no shield)
rNeg     . . .     Faith    .   u - +0 robe
rPois    .         Spirit   +   v - +0 helmet
rElec    .         Reflect  .   (no cloak)
rCorr    .         Harm     .   (no gloves)
MR       .....                  (no boots)
Stlth    ++........             (no amulet)
Regen    0.2/turn               (no ring)
MPRegen  0.2/turn               (no ring)

@: no status effects
A: iridescent scales 2, demonic guardian 1, magic shield
a: no special abilities


You were on level 3 of the Dungeon.
You were near starving.

You visited 1 branch of the dungeon, and saw 4 of its levels.

You collected 106 gold pieces.

Inventory:

Hand Weapons
 a - a +2 dagger of venom (weapon)
Missiles
 e - 40 bolts
 f - 124 arrows
 h - 84 stones
 l - 2 javelins (quivered)
 n - 13 sling bullets
 r - 13 poisoned needles
Armour
 u - a +0 robe (worn)
 v - a +0 helmet (worn)
Scrolls
 b - a scroll of amnesia {unknown}
 j - 2 scrolls of magic mapping
 p - 2 scrolls of teleportation
Potions
 g - 2 potions of flight
 k - a potion of cancellation
 m - 2 potions of lignification
 t - a potion of berserk rage {unknown}
Comestibles
 d - a bread ration
 o - a royal jelly
 s - 2 meat rations


   Skills:
 - Level 1.7 Dodging
 - Level 1.7 Stealth
 * Level 4.7 Spellcasting
 * Level 4.5 Conjurations
   Level 1.0 Summonings
 - Level 0.8 Translocations


You had 5 spell levels left.
You knew the following spells:

 Your Spells              Type           Power        Failure   Level  Hunger
a - Magic Dart            Conj           ####         1%          1    None
b - Blink                 Tloc           N/A          11%         2    None
c - Conjure Flame         Conj/Fire      ###.....     12%         3    ##.....
d - Mephitic Cloud        Conj/Pois/Air  ##......     17%         3    ##.....


Dungeon Overview and Level Annotations

Branches:
Dungeon (4/15)
 Temple: D:4-7

Altars:

Annotations:
D:4 maxonian's ghost, amateur CeHu


Innate Abilities, Weirdness & Mutations

You are mostly covered in iridescent scales. (AC +4)
A weak demonic guardian rushes to your aid.
When hurt, damage is shared between your health and your magic reserves.


Message History

The jackal bites you but does no damage.
You closely miss the jackal.
The jackal is heavily wounded.
The jackal closely misses you.
You completely miss the jackal.
The jackal is severely wounded.
The jackal closely misses you. x2
You hit the jackal.
You kill the jackal!
The jackal bites you but does no damage.
You hit the jackal.
The jackal is heavily wounded.
The jackal misses you.
You hit the jackal.
The jackal is poisoned.
The jackal is almost dead.
You kill the jackal!
You hit the orc.
The orc is poisoned.
The orc is heavily wounded.
The orc hits you but does no damage.
Are you sure you want to abandon this character and quit the game? (Confirm with "yes".)

#. #. #. ## # # #. ##
#..#. #..#.#########
...........@##
#.$###.###o#### #.....#
#o...# #†###.###.##.##
. #.# ##...>....# ..
... ##.#)##..#
..##.#####.#[##..######
.†....o.............#
#)#####......#####.#


You could see 2 orcs.

Vanquished Creatures
  A jelly (D:4)
  2 orc priests (D:3)
  Natasha (D:3)
  2 gnolls (D:3)
  6 adders
  2 oozes (D:3)
  A worm (D:2)
  3 dart slugs
  5 leopard geckos
  An orc (D:3)
  2 ball pythons
  11 bats
  A giant cockroach (D:1)
  6 goblins
  15 hobgoblins
  3 jackals
  5 kobolds
  3 frilled lizards
  6 rats
76 creatures vanquished.

Notes
Turn   | Place    | Note
-------+----------+-------------------------------------------
     0 | D:1      | Chiseanne the Demonspawn Wizard began the quest for the Orb.
     0 | D:1      | Reached XP level 1. HP: 13/13 MP: 4/4
   210 | D:1      | Gained mutation: When hurt, damage is shared between your health and your magic reserves. [demonic ancestry]
   210 | D:1      | Reached XP level 2. HP: 19/19 MP: 0/6
   719 | D:1      | Learned a level 2 spell: Blink
   781 | D:1      | Reached XP level 3. HP: 24/24 MP: 3/7
   998 | D:1      | Learned a level 3 spell: Conjure Flame
  1002 | D:1      | Learned a level 3 spell: Mephitic Cloud
  1807 | D:2      | Gained mutation: You are partially covered in iridescent scales. (AC +2) [demonic ancestry]
  1807 | D:2      | Reached XP level 4. HP: 30/30 MP: 4/9
  2959 | D:3      | Gained mutation: You are mostly covered in iridescent scales. (AC +4) [demonic ancestry]
  2959 | D:3      | Reached XP level 5. HP: 35/35 MP: 7/11
  2968 | D:3      | Noticed Natasha
  3084 | D:3      | Killed Natasha
  3684 | D:4      | Noticed maxonian's ghost (amateur CeHu)
  3691 | D:3      | Gained mutation: A weak demonic guardian rushes to your aid. [demonic ancestry]
  3691 | D:3      | Reached XP level 6. HP: 41/41 MP: 10/13
  3703 | D:3      | Quit the game

Skill      XL: |  1  2  3  4  5 |
---------------+----------------+-----
Conjurations   | 2 3 4 |  4.5
Spellcasting   | 4 |  4.7
Dodging        | |  1.7
Stealth        | |  1.7
Summonings     | |  1.0
Translocations | |  0.8

Action                   |  1- 3 |  4- 6 || total
-------------------------+-------+-------++-------
Melee: Short sword       |     9 |       ||     9
       Falchion          |     1 |     6 ||     7
       Dagger            |       |    19 ||    19
 Cast: Magic Dart        |    87 |   105 ||   192
       Mephitic Cloud    |     2 |     5 ||     7
  Use: Scroll            |     6 |     2 ||     8
       Potion            |       |     1 ||     1
  Eat: Chunk             |     3 |     4 ||     7
Armor: Robe              |     4 |    12 ||    16
Dodge: Dodged            |    13 |    28 ||    41
       Rpst.: Falchion   |     1 |     3 ||     4
